[Event "IIFL Wealth 4th Mumbai Open"]
[Site "Mumbai"]
[Date "2019.01.01"]
[Round "3"]
[White "Dhanvij Ansh"]
[Black "Bhagyashree, Patil"]
[Result "1-0"]
[ECO "D37"]
[WhiteElo "1523"]
[BlackElo "1758"]
[Annotator "NA RC"]
[PlyCount "129"]
[EventDate "2018.12.30"]
[EventType "swiss"]
[EventCountry "IND"]
[SourceTitle "playchess.com"]
[Source "ChessBase"]
[SourceQuality "1"]
[TimeControl "40/5400+30:1800+30"]

1. d4 d5 2. c4 e6 3. Nc3 Nf6 4. Nf3 Be7 5. Bf4 O-O 6. h3 b6 7. cxd5 Nxd5 8. Bh2 Bb7 9. e3 c5 10. Bd3 cxd4 11. exd4 Nd7 12. O-O N7f6 13. Re1 Nb4 14. Ne5 Nxd3 15. Qxd3 Nd7 16. Nxd7 Qxd7 17. Qe3 Bd6 18. Be5 Rfd8 19. Red1 Bxe5 20. dxe5 Qc6 21. Qg5 Rxd1+ 22. Rxd1 h6 23. Qg4 Rc8 24. f3 b5 25. a3 a5 26. Qd4 Qc5 27. Qxc5 Rxc5 28. Rd8+ Kh7 29. Rd7 Bc6 30. Rxf7 b4 31. axb4 axb4 32. Na2 b3 33. Nb4 Bb5 34. f4 Rc1+ 35. Kh2 Rb1 36. Rb7 Bc4 37. Rc7 Rxb2 38. Rxc4 Rxg2+ 39. Kxg2 b2 40. Nd3 b1=Q 41. Nf2 Kg6 42. Rc3 Kf5 43. Rf3 Qa1 44. Ng4 Qa2+ 45. Kg3 Qb1 46. Kg2 Ke4 47. Nf2+ Kd4 48. Rd3+ Kc4 49. h4 Qc1 50. Kf3 Qg1 51. Rd6 Qh2 52. Rxe6 Qxh4 53. Rc6+ Kb5 54. Rd6 g5 55. fxg5 hxg5 56. Rf6 Kc4 57. e6 Qh5+ 58. Ke3 Qh2 59. Rf5 Qg3+ 60. Ke4 g4 61. Rf4 Kc5 62. e7 Qg2+ 63. Ke3 Qg1 64. Ke2 Qh2 65. Rf5+ 1-0

[Event "IIFL Wealth 4th Mumbai Open"]
[Site "Mumbai"]
[Date "2019.01.01"]
[Round "3"]
[White "Negi Augustiya"]
[Black "Sawant, Akshay"]
[Result "1/2-1/2"]
[ECO "D43"]
[WhiteElo "1521"]
[BlackElo "1716"]
[Annotator "NA RC"]
[PlyCount "73"]
[EventDate "2018.12.30"]
[EventType "swiss"]
[EventCountry "IND"]
[SourceTitle "playchess.com"]
[Source "ChessBase"]
[SourceQuality "1"]
[TimeControl "40/5400+30:1800+30"]

1. d4 d5 2. Nf3 Nf6 3. c4 e6 4. Nc3 c6 5. Bf4 Be7 6. e3 Nbd7 7. cxd5 exd5 8. Bd3 O-O 9. O-O h6 10. h3 Re8 11. Qc2 Nf8 12. Rab1 Bd6 13. Bxd6 Qxd6 14. b4 b6 15. Rfc1 Bb7 16. a4 Rac8 17. a5 b5 18. Nd2 Ba8 19. Nf3 Bb7 20. Nd2 Ba8 21. Na2 Rcd8 22. Nb3 Ne6 23. Nc5 Nf8 24. Nc3 Ne6 25. Na2 Ng5 26. Nc3 Re7 27. Ne2 Rde8 28. Ng3 Rd8 29. Ne2 Rde8 30. Ng3 Qd8 31. Nf5 Rc7 32. Na6 Rd7 33. Nc5 Rc7 34. Na6 Rd7 35. Nc5 Rc7 36. Na6 Rd7 37. Nc5 1/2-1/2

[Event "IIFL Wealth 4th Mumbai Open"]
[Site "Mumbai"]
[Date "2019.01.01"]
[Round "3"]
[White "Pednekar Ayush"]
[Black "Joglekar, Abhijit"]
[Result "0-1"]
[ECO "A45"]
[WhiteElo "1501"]
[BlackElo "1692"]
[Annotator "NA RC"]
[PlyCount "80"]
[EventDate "2018.12.30"]
[EventType "swiss"]
[EventCountry "IND"]
[SourceTitle "playchess.com"]
[Source "ChessBase"]
[SourceQuality "1"]
[TimeControl "40/5400+30:1800+30"]

1. d4 Nf6 2. Bg5 h6 3. Bxf6 exf6 4. c4 d5 5. e3 c6 6. Nc3 dxc4 7. Bxc4 Bd6 8. Nge2 O-O 9. Qc2 f5 10. g3 Qf6 11. Bd3 Be6 12. Nf4 Bxf4 13. gxf4 Nd7 14. Na4 Rfe8 15. h4 Bd5 16. Rh3 Be4 17. Bxe4 Rxe4 18. Nc3 Ree8 19. O-O-O Nb6 20. Rg1 Kh7 21. Kb1 Nd5 22. Nxd5 cxd5 23. Qc5 Qe6 24. Rhg3 g6 25. h5 b6 26. hxg6+ fxg6 27. Qc2 Rac8 28. Qd3 Rc6 29. a3 Qc8 30. Rd1 Rc4 31. Rgg1 b5 32. Rh1 Qd7 33. Qb3 a5 34. Qd3 a4 35. Rd2 b4 36. axb4 Qb5 37. Qa3 Rxb4 38. Ka1 Kg7 39. Rc1 Qb6 40. Rc8 g5 0-1

[Event "IIFL Wealth 4th Mumbai Open"]
[Site "Mumbai"]
[Date "2019.01.01"]
[Round "3"]
[White "Marium Fatima"]
[Black "Mokashi, Rohit"]
[Result "0-1"]
[ECO "D02"]
[WhiteElo "1494"]
[BlackElo "1641"]
[Annotator "NA RC"]
[PlyCount "138"]
[EventDate "2018.12.30"]
[EventType "swiss"]
[EventCountry "IND"]
[SourceTitle "playchess.com"]
[Source "ChessBase"]
[SourceQuality "1"]
[TimeControl "40/5400+30:1800+30"]

1. d4 d5 2. Nf3 Nf6 3. g3 Bf5 4. Bg2 e6 5. O-O c5 6. b3 Nc6 7. Bb2 Be7 8. Nbd2 h6 9. c4 O-O 10. Rc1 cxd4 11. Nxd4 Nxd4 12. Bxd4 Ba3 13. Ra1 Rc8 14. Nb1 Be7 15. Nd2 Re8 16. Bb2 Qb6 17. Rc1 d4 18. Nf3 Rcd8 19. Bxd4 Qa6 20. Qe1 Qxa2 21. Be3 Ng4 22. Nd4 Nxe3 23. fxe3 Bc5 24. Qc3 Bxd4 25. exd4 Qxe2 26. Bxb7 Qd3 27. d5 Re7 28. Bc6 Rc7 29. Qxd3 Bxd3 30. Rfd1 Be4 31. Ra1 Bc2 32. Rdc1 exd5 33. Bxd5 Bxb3 34. Ra3 Rxd5 35. Rxb3 Rdc5 36. Rb8+ Kh7 37. Rb4 Kg6 38. Kf2 Kg5 39. Rc2 h5 40. Ra4 h4 41. Kg2 hxg3 42. hxg3 Kg4 43. Rc3 g5 44. Rc2 f5 45. Rc3 a5 46. Rc2 Rd7 47. Rca2 Rd3 48. R4a3 Rxa3 49. Rxa3 Rxc4 50. Rxa5 Rc2+ 51. Kf1 Rc3 52. Kf2 Rf3+ 53. Kg2 Rxg3+ 54. Kf2 Rf3+ 55. Kg2 Rb3 56. Ra2 f4 57. Rf2 Kf5 58. Ra2 g4 59. Rf2 Ke4 60. Re2+ Kd4 61. Rf2 Ke3 62. Ra2 Rd3 63. Ra1 Rd2+ 64. Kf1 f3 65. Ra3+ Kf4 66. Ra1 Kg3 67. Kg1 Rg2+ 68. Kh1 Rh2+ 69. Kg1 f2+ 0-1

[Event "IIFL Wealth 4th Mumbai Open"]
[Site "Mumbai"]
[Date "2019.01.01"]
[Round "3"]
[White "Aditya, Ramanathan"]
[Black "Nayanikaa Muralidharan"]
[Result "1/2-1/2"]
[ECO "C55"]
[WhiteElo "1493"]
[BlackElo "1539"]
[Annotator "NA RC"]
[PlyCount "82"]
[EventDate "2018.12.30"]
[EventType "swiss"]
[EventCountry "IND"]
[SourceTitle "playchess.com"]
[Source "ChessBase"]
[SourceQuality "1"]
[TimeControl "40/5400+30:1800+30"]

1. e4 e5 2. Nf3 Nc6 3. d4 exd4 4. Bc4 Nf6 5. e5 d5 6. Bb5 Ne4 7. Nxd4 Bd7 8. Bxc6 bxc6 9. O-O Bc5 10. Be3 Qe7 11. f3 Ng5 12. f4 Ne6 13. f5 Nxd4 14. Bxd4 Bxd4+ 15. Qxd4 Qg5 16. Qd3 Rb8 17. Nd2 O-O 18. Nb3 Rb4 19. e6 fxe6 20. Nc5 Qe7 21. Nxd7 Qxd7 22. Qa3 Rbb8 23. fxe6 Qxe6 24. Qxa7 Qg6 25. Qc5 Rfe8 26. b3 Re2 27. Rf2 Rbe8 28. Raf1 h6 29. a4 Qg4 30. Qxc6 Qd4 31. c3 Qd3 32. Rxe2 Rxe2 33. Qc5 Qd2 34. Qf8+ Kh7 35. Qf5+ Kh8 36. Qf8+ Kh7 37. Qf5+ Kh8 38. Qf8+ Kh7 39. Qf5+ Kh8 40. Qf8+ Kh7 41. Qf5+ Kh8 1/2-1/2

[Event "IIFL Wealth 4th Mumbai Open"]
[Site "Mumbai"]
[Date "2019.01.01"]
[Round "3"]
[White "Arjun, Sidharth S"]
[Black "Sadbhav, Rautela"]
[Result "1/2-1/2"]
[ECO "D04"]
[WhiteElo "1489"]
[BlackElo "1746"]
[Annotator "NA RC"]
[PlyCount "67"]
[EventDate "2018.12.30"]
[EventType "swiss"]
[EventCountry "IND"]
[SourceTitle "playchess.com"]
[Source "ChessBase"]
[SourceQuality "1"]
[TimeControl "40/5400+30:1800+30"]

1. d4 d5 2. Nf3 Nf6 3. e3 Bg4 4. c4 c6 5. Nc3 e6 6. Bd3 Nbd7 7. O-O Bd6 8. b3 O-O 9. Bb2 Rc8 10. Rc1 h6 11. h3 Bh5 12. cxd5 cxd5 13. Nb5 Bb8 14. Ba3 Re8 15. Rxc8 Qxc8 16. Nd6 Bxd6 17. Bxd6 Qc6 18. Ba3 Rc8 19. Qc1 Qxc1 20. Rxc1 Rxc1+ 21. Bxc1 Kf8 22. Kf1 Ke7 23. Ke1 Bg6 24. Bxg6 fxg6 25. Ba3+ Kd8 26. Ne5 Nxe5 27. dxe5 Nd7 28. Bd6 g5 29. Kd2 Kc8 30. Ke1 Kd8 31. Kd2 Kc8 32. Ke1 Kd8 33. Kd2 Kc8 34. Ke1 1/2-1/2

[Event "IIFL Wealth 4th Mumbai Open"]
[Site "Mumbai"]
[Date "2019.01.01"]
[Round "3"]
[White "Ananya, Arumbakkam"]
[Black "Tejes Suresh Kumar"]
[Result "0-1"]
[ECO "C54"]
[WhiteElo "1405"]
[BlackElo "1618"]
[Annotator "NA RC"]
[PlyCount "92"]
[EventDate "2018.12.30"]
[EventType "swiss"]
[EventCountry "IND"]
[SourceTitle "playchess.com"]
[Source "ChessBase"]
[SourceQuality "1"]
[TimeControl "40/5400+30:1800+30"]

1. e4 e5 2. Nf3 Nc6 3. Bc4 Bc5 4. c3 Nf6 5. d3 O-O 6. O-O d5 7. exd5 Nxd5 8. h3 Nb6 9. Bb3 Bf5 10. Bc2 Qd7 11. b4 Bd6 12. Nh4 Be6 13. Nd2 Be7 14. Nhf3 a6 15. Ne4 Nd5 16. Bd2 f5 17. Neg5 Kh8 18. Re1 Bg8 19. a3 h6 20. Nh4 Qe8 21. c4 Nb6 22. Ngf3 g5 23. Nxe5 gxh4 24. Bxh6 Rf6 25. Bg5 Re6 26. Nxc6 Bxg5 27. Rxe6 Bxe6 28. Na5 Bf6 29. Rb1 Qg6 30. Qf3 Rg8 31. Nxb7 Nd7 32. Bd1 Bf7 33. g3 hxg3 34. Qxg3 Qh6 35. Bg4 fxg4 36. hxg4 Be6 37. f3 Be5 38. Qg2 Rg7 39. Re1 Rh7 40. b5 Bd4+ 41. Kf1 Qh1+ 42. Qxh1 Rxh1+ 43. Ke2 Rxe1+ 44. Kxe1 axb5 45. cxb5 Bf6 46. Na5 Bc3+ 0-1

[Event "IIFL Wealth 4th Mumbai Open"]
[Site "Mumbai"]
[Date "2019.01.01"]
[Round "3"]
[White "Anurag, Panigrahi"]
[Black "Kohad Dipesh"]
[Result "0-1"]
[ECO "C11"]
[WhiteElo "1315"]
[BlackElo "1683"]
[Annotator "NA RC"]
[PlyCount "84"]
[EventDate "2018.12.30"]
[EventType "swiss"]
[EventCountry "IND"]
[SourceTitle "playchess.com"]
[Source "ChessBase"]
[SourceQuality "1"]
[TimeControl "40/5400+30:1800+30"]

1. e4 e6 2. d4 d5 3. Nc3 Nf6 4. e5 Nfd7 5. f4 c5 6. Nf3 Nc6 7. Be3 a6 8. Qd2 b5 9. dxc5 Bxc5 10. Bd3 d4 11. Nxd4 Nxd4 12. Be4 Nb6 13. Bxd4 Qxd4 14. Bxa8 Nxa8 15. Qxd4 Bxd4 16. Rd1 Bxc3+ 17. bxc3 Nb6 18. O-O O-O 19. Rd3 Nc4 20. Rg3 g6 21. Rd3 Bb7 22. Rd4 Bd5 23. Kf2 Rc8 24. Rc1 Nb2 25. Rb1 Na4 26. Rd3 Nxc3 27. Rb2 Na4 28. Rb1 Rxc2+ 29. Kf1 Bxg2+ 30. Kg1 Bd5 31. h3 Rg2+ 32. Kf1 Rh2 33. Rbd1 Rxa2 34. R3d2 Rxd2 35. Rxd2 Nb6 36. Rd1 a5 37. Ra1 a4 38. Ke2 b4 39. Kd2 a3 40. Kd3 a2 41. Kc2 b3+ 42. Kb2 Na4+ 0-1